 Dungeon Crawl Stone Soup version 0.31-a0-152-g6aa68a64a1 (webtiles) character file.

Game seed: 17330005143829801721

11926 IdlyInterested the Basher (level 11, -5/92 HPs)
             Began as a Demonspawn Gladiator on June 8, 2023.
             Was a Priest of Ashenzari.
             Slain by a skeletal warrior
             ... wielding a +0 halberd
              (22 damage)
             ... on level 12 of the Dungeon on June 9, 2023.
             The game lasted 00:37:06 (10326 turns).

IdlyInterested the Basher (Demonspawn Gladiator)   Turns: 10326, Time: 00:37:07

Health: -5/92      AC:  7    Str: 23    XL:     11   Next: 55%
Magic:  0/11       EV: 12    Int: 13    God:    Ashenzari [***...]
Gold:   560        SH: 14    Dex: 17    Spells: 10/10 levels left

rFire   . . .        t - +7 flail of Ruination {spect, rPois}
rCold   . . .        E - +0 tower shield
rNeg    . . .        J - +0 troll leather armour "Shattered With Me" {Regen+, Range, Cun} (curse)
rPois   +            (helmet unavailable)
rElec   .            (no cloak)
rCorr   .            (no gloves)
SInv    +            K - +0 pair of boots of Ashenzari's Pleiades {Melee, Comp} (curse)
Will    .....        X - amulet of guardian spirit
Stlth   ++           G - ring of Ashenzari's Orthodoxy {SInv, Range, Cun} (curse)
HPRegen 1.15/turn    w - ring of Panopticon {Str+6, Evo, Cun} (curse)
MPRegen 0.12/turn

%: clarity, guardian spirit
@: mighty
A: antennae 3, rugged brown scales 1, foul stench 1, spiny 1, agile 1, clever 1
a: Renounce Religion, Shatter the Chains


You were on level 12 of the Dungeon.
You worshipped Ashenzari.
Ashenzari was most pleased with you.
You visited 2 branches of the dungeon, and saw 13 of its levels.
You also visited: Sewer.

You collected 560 gold pieces.

Inventory:

Hand Weapons
 a - a +0 war axe
 f - a +0 demon whip of venom
 t - the +7 flail of Ruination (weapon) {spect, rPois}
   (You found it on level 2 of the Dungeon)

   rPois:     It protects you from poison.
Missiles
 b - 141 stones (quivered)
 d - 7 throwing nets
 e - 4 javelins
 m - 41 poisoned darts
 r - a curare-tipped dart
 W - 9 boomerangs
Armour
 E - a +0 tower shield (worn)
 J - the cursed +0 troll leather armour "Shattered With Me" (worn) {Regen+, Range, Cun}
   (You found it on level 11 of the Dungeon)

   Regen:     It increases your rate of health regeneration.
   It has a curse which improves the following skills: Ranged Combat: Ranged
   Weapons and Throwing.
   Cunning:   Dodging and Stealth.
 K - the cursed +0 pair of boots of Ashenzari's Pleiades (worn) {Melee, Comp}
   (You found it on level 5 of the Dungeon)

   It has a curse which improves the following skills: Melee Combat: Short
   Blades, Long Blades, Axes, Maces & Flails, Polearms, Staves and Unarmed
   Combat.
   Companions: Summonings and Necromancy.
 L - a +0 plate armour
 M - a +0 plate armour
 R - +0 steam dragon scales
 S - +0 steam dragon scales
 V - the +1 scale mail of Supple Strength {Int+2 Stlth+}
   (You found it on level 10 of the Dungeon)

   Int:       It affects your intelligence (+2).
   Stlth:     It makes you more stealthy.
 Y - a +0 plate armour
Magical Staves
 T - a staff of fire
 U - a staff of air
Jewellery
 l - a +4 ring of protection
 w - the cursed ring of Panopticon (right hand) {Str+6, Evo, Cun}
   (You found it on level 3 of the Dungeon)

   [ring of strength]

   Str:       It affects your strength (+6).
   It has a curse which improves the following skills: Evocations: Evocations.
   Cunning:   Dodging and Stealth.
 G - the cursed ring of Ashenzari's Orthodoxy (left hand) {SInv, Range, Cun}
   (You found it on level 8 of the Dungeon)

   [ring of see invisible]

   SInv:      It lets you see invisible.
   It has a curse which improves the following skills: Ranged Combat: Ranged
   Weapons and Throwing.
   Cunning:   Dodging and Stealth.
 H - a ring of protection from fire
 N - a ring of see invisible
 X - an amulet of guardian spirit (around neck)
Wands
 y - a wand of flame (25)
 F - a wand of acid (12)
 I - a wand of mindburst (1)
 O - a wand of iceblast (7)
Scrolls
 c - 5 scrolls of teleportation
 h - 3 scrolls of blinking
 i - a scroll of amnesia
 k - 4 scrolls of immolation
 n - 3 scrolls of enchant weapon
 v - 2 scrolls of butterflies
 x - a scroll of magic mapping
 B - 2 scrolls of fear
 C - 3 scrolls of torment
 D - 2 scrolls of fog
Potions
 j - 4 potions of mutation
 o - 4 potions of enlightenment
 p - a potion of cancellation
 q - a potion of haste
 s - 2 potions of attraction
 u - 4 potions of curing
 z - 2 potions of resistance
 A - a potion of magic
 P - a potion of brilliance
 Q - a potion of invisibility


   Skills:
 + Level 9.7 Fighting
 - Level 4.0(9.3) Axes
 * Level 11.7(13.4) Maces & Flails
 - Level 2.0(3.6) Throwing
 + Level 5.8 Armour
 - Level 4.0(6.7) Dodging
 - Level 1.0(2.6) Stealth
 - Level 4.0 Shields
 - Level 2.0(3.1) Evocations


You had 10 spell levels left.
You didn't know any spells.
Your spell library contained the following spells:

 Spells                   Type           Power      Damage    Failure   Level
 Magic Dart               Conj           0%         1d3       90%         1
 Slow                     Hex            0%         N/A       90%         1
 Searing Ray              Conj           0%         2d4       97%         2
 Confusing Touch          Hex            0%         N/A       99%         3
 Inner Flame              Hex/Fire       0%         N/A       99%         3
 Vampiric Draining        Necr           0%         2d6       99%         3
 Flame Wave               Conj/Fire      0%         2d4       100%        4
 Fulminant Prism          Conj/Hex       0%         3d5       100%        4
 Sticky Flame             Conj/Fire      0%         2d3       100%        4


Dungeon Overview and Level Annotations

Branches:
Dungeon (12/15)            Temple (1/1) D:5            Lair (0/5) D:9
    Orc (0/2) D:12          Sewer (visited)

Altars:
Ashenzari
Cheibriados
Dithmenos
Fedhas
Gozag
Hepliaklqana
Kikubaaqudgha
Makhleb
Nemelex Xobeh
Okawaru
Qazlal
Ru
Sif Muna
Trog
Uskayaw
Vehumet
Wu Jian
Xom
Yredelemnul
Lugonu

Shops:
D:7 !

Portals:
Abyss: D:10


Innate Abilities, Weirdness & Mutations

You have a pair of large antennae on your head. (SInv)
You are partially covered in rugged brown scales. (AC +1, +3% HP)
You may rarely emit foul miasma when damaged in melee.
You are partially covered in sharp spines.
You are agile. (Dex +4, Str/Int -1)
Your mind is acute. (Int +4, Str/Dex -1)


Message History

The skeletal warrior is almost destroyed.
You block the skeletal warrior's attack.
The skeletal warrior hits you from afar with a +0 halberd!!
You barely miss the skeletal warrior.
The skeletal warrior is almost destroyed.
You block the skeletal warrior's attack.
You hit the skeletal warrior.
You destroy the skeletal warrior!
The skeletal warrior hits you from afar with a +0 halberd.
Aiming: Corrosive Bolt
Press: ? - help, Shift-Dir - straight line, f/p - skeletal warrior
Aim: a skeletal warrior, wielding a +0 halberd (lightly damaged, covered in acid, 74% to hit)
The bolt of acid misses the skeletal warrior.
The bolt of acid hits the skeletal warrior!
The skeletal warrior seems to be corroded for longer.
The skeletal warrior is moderately damaged.
The skeletal warrior hits you but does no damage.
The skeletal warrior hits you from afar with a +0 halberd!
Throw: 5 javelins
Press: ? - help, Shift-Dir - straight line, f/p - skeletal warrior
Aim: a skeletal warrior, wielding a +0 halberd (moderately damaged, covered in acid, 65% to hit)
You throw a javelin.
The javelin barely misses the skeletal warrior.
The javelin pierces through the skeletal warrior!
The skeletal warrior is heavily damaged.
You hit the skeletal warrior.
The skeletal warrior is lightly damaged.
You block the skeletal warrior's attack. x2
You bludgeon the skeletal warrior!!
The skeletal warrior is moderately damaged.
You block the skeletal warrior's attack.
The skeletal warrior hits you from afar with a +0 halberd!!
* * * LOW HITPOINT WARNING * * *
You feel very mighty all of a sudden.
You block the skeletal warrior's attack. x2
You bludgeon the skeletal warrior!!
The skeletal warrior is severely damaged.
You block the skeletal warrior's attack.
The skeletal warrior hits you from afar with a +0 halberd!!
You die...

#.#...........#..
#......)))......#
#..8....>....8..#*
##.........[...## ,
##...........##* ,
#.....8.....# ** *
####.....####, * *
###........ *
####z@........
.#####.zz##..>.....
,
...(.....####......
z.#(.....# *#.....
, #......# ##...,
##.....# #.. **
#.....# ## ,
###.### * * ##


You could see 3 skeletal warriors.

Vanquished Creatures
  A boulder beetle (D:11)
  A two-headed ogre (D:9)
  Amaemon (D:10)
  2 skeletal warriors (D:12)
  2 cyclopes
  An orange demon (D:10)
  A komodo dragon (D:10)
  4 trolls
  Prince Ribbit (D:8)
  A vampire (D:11)
  10 yaks
  3 wyverns
  A wraith (D:11)
  5 steam dragons
  An acid dragon (D:9)
  An ice beast (D:6)
  4 sky beasts
  3 orc warriors
  6 centaurs
  3 wolves (D:9)
  4 kobold brigands
  A phantom (D:6)
  7 bullfrogs
  2 scorpions
  5 killer bees (D:8)
  A howler monkey (D:11)
  4 electric eels (D:9)
  4 hounds
  3 gnoll boudas
  6 orc priests
  3 sleepcaps
  An iguana (D:7)
  3 orc wizards
  Robin (D:4)
  16 gnolls
  12 adders
  11 river rats
  3 white imps
  3 ufetubi
  6 worms
  3 dart slugs
  22 orcs
  15 endoplasms
  3 giant cockroaches
  12 goblins
  13 hobgoblins
  10 jackals
  A quokka (D:4)
  23 ball pythons
  7 bats
  4 frilled lizards
  35 kobolds
  25 rats
  A lurking horror (D:10)
322 creatures vanquished.

Vanquished Creatures (others)
  A lurking horror (D:10)
1 creature vanquished.

Grand Total: 323 creatures vanquished

Notes
Turn   | Place    | Note
-------+----------+-------------------------------------------
     0 | D:1      | IdlyInterested the Demonspawn Gladiator began the quest for
                  | the Orb.
     0 | D:1      | Reached XP level 1. HP: 16/16 MP: 1/1
   150 | D:1      | Gained mutation: You have a pair of small antennae on your
                  | head. [demonic ancestry]
   150 | D:1      | Reached XP level 2. HP: 13/22 MP: 2/2
   350 | D:1      | Reached skill level 1 in Armour
   350 | D:1      | Reached XP level 3. HP: 21/28 MP: 3/3
   973 | D:2      | Gained mutation: You are frail. (-10% HP) [potion of
                  | mutation]
  1341 | D:2      | Gained mutation: You may rarely emit foul miasma when
                  | damaged in melee. [demonic ancestry]
  1341 | D:2      | Reached XP level 4. HP: 24/30 MP: 4/4
  1434 | D:2      | Reached skill level 1 in Stealth
  1489 | D:2      | Identified the +7 flail of Ruination {spect, rPois}
  1674 | D:3      | Reached skill level 1 in Shields
  1678 | D:3      | Reached XP level 5. HP: 27/36 MP: 5/5
  1708 | D:3      | Reached skill level 1 in Maces & Flails
  1763 | D:3      | Found a glowing drain.
  1771 | Sewer    | Entered a sewer
  1857 | Sewer    | Reached skill level 2 in Maces & Flails
  1857 | Sewer    | Reached skill level 1 in Evocations
  1996 | Sewer    | Reached XP level 6. HP: 41/42 MP: 6/6
  2043 | Sewer    | Reached skill level 3 in Maces & Flails
  2262 | D:3      | Found a faded altar of an unknown god.
  2277 | D:3      | Lost mutation: You are frail. (-10% HP) [potion of
                  | mutation]
  2277 | D:3      | Gained mutation: You have hidden genetic potential. [potion
                  | of mutation]
  2277 | D:3      | Gained mutation: You have a pair of antennae on your head.
                  | [potion of mutation]
  2743 | D:3      | Found a radiant altar of Vehumet.
  2746 | D:3      | Found a stormy altar of Qazlal.
  2749 | D:3      | Found a sparkling altar of Nemelex Xobeh.
  2750 | D:3      | Found an iron altar of Okawaru.
  2751 | D:3      | Found a burning altar of Makhleb.
  2838 | D:4      | Noticed Robin
  2862 | D:4      | Gained mutation: You are partially covered in sharp spines.
                  | [demonic ancestry]
  2862 | D:4      | Reached XP level 7. HP: 39/54 MP: 7/7
  2897 | D:4      | Killed Robin
  3380 | D:5      | Entered Level 5 of the Dungeon
  3421 | D:5      | Found a staircase to the Ecumenical Temple.
  3429 | Temple   | Entered the Ecumenical Temple
  3475 | Temple   | Became a worshipper of Ashenzari the Shackled
  3627 | D:5      | Reached skill level 4 in Maces & Flails
  3645 | D:5      | Gained mutation: Your mind is acute. (Int +4, Str/Dex -1)
                  | [hidden potential]
  4288 | D:6      | Reached skill level 5 in Maces & Flails
  4302 | D:6      | Reached skill level 5 in Fighting
  4302 | D:6      | Gained mutation: You are partially covered in rugged brown
                  | scales. (AC +1, +3% HP) [demonic ancestry]
  4302 | D:6      | Reached XP level 8. HP: 56/63 MP: 8/8
  4395 | D:6      | Gained mutation: You are agile. (Dex +4, Str/Int -1)
                  | [hidden potential]
  4395 | D:6      | Lost mutation: You have hidden genetic potential. [hidden
                  | potential expressed]
  4543 | D:6      | Reached skill level 6 in Maces & Flails
  5545 | D:7      | Reached skill level 7 in Maces & Flails
  5545 | D:7      | Mutation became permanent: You have a pair of small
                  | antennae on your head. [demonic ancestry]
  5545 | D:7      | Gained mutation: You have a pair of antennae on your head.
                  | [demonic ancestry]
  5545 | D:7      | Reached XP level 9. HP: 71/71 MP: 9/9
  5685 | D:7      | Found Xiohamm's Distillery.
  6261 | D:8      | Reached skill level 8 in Maces & Flails
  6275 | D:8      | Reached * piety under Ashenzari
  6752 | D:8      | Noticed Prince Ribbit
  6767 | D:8      | Killed Prince Ribbit
  7066 | D:9      | Gained mutation: You have a pair of large antennae on your
                  | head. (SInv) [demonic ancestry]
  7066 | D:9      | Reached XP level 10. HP: 49/81 MP: 10/10
  7067 | D:9      | Reached skill level 9 in Maces & Flails
  7253 | D:9      | Found a staircase to the Lair.
  7436 | D:9      | Upgraded the game from 0.31-a0-150-g89dc3ad700 to
                  | 0.31-a0-152-g6aa68a64a1
  7643 | D:9      | Noticed a two-headed ogre
  7647 | D:9      | Killed a two-headed ogre
  7782 | D:9      | Reached skill level 10 in Maces & Flails
  7818 | D:9      | Reached ** piety under Ashenzari
  7900 | D:9      | Found a hide-covered altar of Uskayaw.
  8068 | D:10     | Entered Level 10 of the Dungeon
  8213 | D:10     | Reached *** piety under Ashenzari
  8286 | D:10     | Identified the +1 scale mail of Supple Strength {Int+2
                  | Stlth+}
  8404 | D:10     | Found a one-way gate to the infinite horrors of the Abyss.
  8404 | D:10     | Found a corrupted altar of Lugonu.
  8738 | D:10     | Noticed Amaemon
  8738 | D:10     | Noticed an orange demon
  8750 | D:10     | HP: 4/84 [Amaemon/+0 demon whip of venom (3)]
  8760 | D:10     | Killed Amaemon
  8768 | D:10     | Killed an orange demon
  9153 | D:10     | Found a blossoming altar of Fedhas.
  9153 | D:10     | Found a shimmering blue altar of Sif Muna.
  9206 | D:10     | Found an ornate altar of the Wu Jian Council.
  9432 | D:11     | Reached XP level 11. HP: 89/89 MP: 11/11
  9778 | D:11     | Noticed a boulder beetle
  9790 | D:11     | Killed a boulder beetle
  9791 | D:11     | Reached skill level 11 in Maces & Flails
  9791 | D:11     | Reached skill level 5 in Armour
 10198 | D:12     | Found a staircase to the Orcish Mines.
 10253 | D:12     | Noticed a skeletal warrior
 10264 | D:12     | Killed a skeletal warrior
 10297 | D:12     | Noticed a skeletal warrior
 10298 | D:12     | Noticed a skeletal warrior
 10298 | D:12     | Noticed a skeletal warrior
 10305 | D:12     | Noticed a skeletal warrior
 10319 | D:12     | Killed a skeletal warrior
 10326 | D:12     | Slain by a skeletal warrior

Illustrated notes

Levels and vault maps discovered:
D:1:      sevenhm_arrival_forest_fort_large_4, layout_basic, moated_statue,
          minmay_misc_feat_tower
D:2:      layout_rooms
D:3:      minmay_angry_zag, layout_basic, minitemple, lightli_sewer_entry_pipes,
          shapermc_ecumenical_altar_starsandcircs, serial_curves,
          eino_curves_04, eino_curves_03, amcnicky_mini_rare_corridor_liquid,
          amethyst_killhole, st_stairs_12, chequers_serial_rivers_room_b,
          minmay_quantized
D:4:      layout_rooms, minmay_liquid_box, uniq_robin
D:5:      layout_basic, minmay_temple_entry_slanted
D:6:      layout_gridville, patterned_corridor
D:7:      layout_basic, serial_shops, shop, grunt_decor_mini_mirrors
D:8:      layout_basic, uniq_prince_ribbit1
D:9:      layout_irregular_city, mainiacjoe_overflow_cross_hatched,
          erik_lair_island
D:10:     layout_loops_corners, nicolae_wu_jian_immortal_techniques,
          gammafunk_temple_overflow_elements, amcnicky_altar_lugonu_corruption,
          uniq_amaemon
D:11:     layout_roguey
D:12:     layout_cave_pods, david_orc_2, hex_medium
Temple:   nicolae_temple_hex_pool

Skill      XL: |  1  2  3  4  5  6  7  8  9 10 11 |
---------------+----------------------------------+-----
Axes           | 3 4 |  4.0
Armour         | 1 2 3 4 5 |  5.8
Stealth        | 1 |  1.0
Fighting       | 3 4 5 6 7 8 9 |  9.7
Shields        | 1 3 4 |  4.0
Maces & Flails | 2 3 5 7 8 10 11 | 11.7
Evocations     | 1 2 |  2.0
Dodging        | 3 4 |  4.0
Throwing       | 2 |  2.0

Action                     |  1- 3 |  4- 6 |  7- 9 | 10-12 || total
---------------------------+-------+-------+-------+-------++-------
  Melee: War axe           |   110 |    13 |       |       ||   123
         Flail             |       |   153 |   188 |   152 ||   493
         Punch             |       |       |     1 |       ||     1
  Throw: Stone             |       |     9 |    13 |     4 ||    26
         Javelin           |       |       |       |     4 ||     4
         Dart              |       |       |       |     1 ||     1
         Boomerang         |       |       |       |     6 ||     6
 Invoke: Curse Item        |       |       |     2 |     3 ||     5
         Shatter the Chain |       |       |       |     1 ||     1
  Evoke: Wand              |       |       |       |    13 ||    13
    Use: Scroll            |     1 |     4 |     5 |       ||    10
         Potion            |     1 |     1 |     3 |     7 ||    12
   Stab: Distracted        |       |       |     1 |     3 ||     4
         Sleeping          |       |       |     2 |     3 ||     5
 Armour: Leather armour    |     6 |       |       |       ||     6
         Ring mail         |    40 |       |       |       ||    40
         Scale mail        |     7 |   107 |    22 |       ||   136
         Plate armour      |       |       |    54 |       ||    54
         Steam dragon scal |       |       |    18 |    21 ||    39
         Troll leather arm |       |       |       |     8 ||     8
  Dodge: Dodged            |    81 |   126 |    61 |    63 ||   331
  Block: Tower shield      |       |       |   112 |   126 ||   238

Table legend: (Time is in decaauts)
 A = Elapsed time spent in this place.
 B = Non-inter-level travel time spent in this place.
 C = Inter-level travel time spent in this place.
 D = Time resting spent in this place.
 E = Time spent auto-exploring this place.
 F = Levels seen in this place.
 G = Mean time per level.
                   A        B        C        D        E       F      G
               +--------+--------+--------+--------+--------+-----+--------+
         Total |  10555 |   9315 |   1240 |    825 |   5878 |  14 |  753.9 |
       Dungeon |  10102 |   8928 |   1174 |    774 |   5733 |  12 |  841.8 |
        Temple |     70 |      4 |     66 |      0 |      0 |   1 |   70.0 |
         Sewer |    382 |    382 |      0 |     51 |    144 |   1 |  382.0 |
               +--------+--------+--------+--------+--------+-----+--------+

Top non-repeatable levels by time:
    D:10: 1453 daAuts
     D:3: 1070 daAuts
     D:9: 1032 daAuts
     D:8: 992 daAuts
     D:7: 966 daAuts
     D:1: 961 daAuts
     D:6: 937 daAuts
     D:5: 708 daAuts
    D:11: 685 daAuts
     D:2: 628 daAuts
     D:4: 534 daAuts
   Sewer: 382 daAuts
    D:12: 132 daAuts
  Temple: 70 daAuts
